 Dungeon Crawl Stone Soup version 0.29.1-13-g9f3cf754e1 (webtiles) character file.

Game seed: 5875537480830727591

63 Peloso the Covered (level 3, 0/33 HPs)
             Began as a Minotaur Fighter on Jan 25, 2023.
             Slain by a gnoll
             ... wielding a +0 flail
              (6 damage)
             ... on level 2 of the Dungeon.
             The game lasted 00:01:50 (975 turns).

Peloso the Covered (Minotaur Fighter)                Turns: 975, Time: 00:01:51

Health: 0/33       AC:  7    Str: 20    XL:     3   Next: 89%
Magic:  2/2        EV:  9    Int:  5    God:
Gold:   37         SH:  4    Dex: 11    Spells: 2/2 levels left

rFire   . . .      SeeInvis .   a - +0 long sword
rCold   . . .      Faith    .   c - +0 buckler
rNeg    . . .      Spirit   .   b - +0 scale mail
rPois   .          Reflect  .   (helmet restricted)
rElec   .          Harm     .   (no cloak)
rCorr   .          Rampage  .   (no gloves)
Will    .....                   (no boots)
Stlth   ..........              (no amulet)
HPRegen 0.11/turn               (no ring)
MPRegen 0.08/turn               (no ring)

@: no status effects
A: horns 2, retaliatory headbutt
a: no special abilities


You were on level 2 of the Dungeon.
You visited 1 branch of the dungeon, and saw 2 of its levels.

You collected 37 gold pieces.

Inventory:

Hand Weapons
 a - a +0 long sword (weapon)
Armour
 b - a +0 scale mail (worn)
 c - a +0 buckler (worn)
Jewellery
 h - a +4 ring of evasion
Scrolls
 e - 2 scrolls of identify
 f - 2 scrolls of enchant armour
 g - a scroll of amnesia
 i - a scroll of enchant weapon
Potions
 d - 2 potions of might


   Skills:
 + Level 4.2 Fighting
 + Level 3.1 Long Blades
 + Level 4.5 Armour
 + Level 0.7 Dodging
 + Level 4.0 Shields


You had 2 spell levels left.
You didn't know any spells.
Your spell library was empty.

Dungeon Overview and Level Annotations

Branches:
Dungeon (2/15)

Altars:


Innate Abilities, Weirdness & Mutations

You have a pair of horns on your head.
You reflexively headbutt those who attack you in melee.


Message History

You barely miss the gnoll. You headbutt the gnoll!
You kill the gnoll!
Your Long Blades skill increases to level 3!
You hit the gnoll.
The gnoll is moderately wounded.
The gnoll hits you with a +0 flail.
A gnoll comes into view. It is wielding a +0 flail.
You slash the gnoll!
The gnoll is almost dead.
The gnoll hits you with a +0 flail. The gnoll hits you with a +0 flail!
* * * LOW HITPOINT WARNING * * *
You closely miss the gnoll.
The gnoll is almost dead.
The gnoll completely misses you.
You hit the gnoll but do no damage.
The gnoll is almost dead.
The gnoll barely misses you.
You closely miss the gnoll.
The gnoll is almost dead.
The gnoll hits you with a +0 flail.
* * * LOW HITPOINT WARNING * * *
Okay, then.
You hit the gnoll but do no damage. You headbutt the gnoll.
You kill the gnoll!
The gnoll closely misses you. The gnoll attacks as you move away!
You block the gnoll's attack. The gnoll attacks as you move away!
The gnoll closely misses you. The gnoll attacks as you move away!
The gnoll barely misses you. The gnoll barely misses you.
The gnoll attacks as you move away! The gnoll hits you but does no damage.
Things that are here:
a +0 flail; a +0 whip; a gnoll corpse The gnoll attacks as you move away!
The gnoll barely misses you. The gnoll attacks as you move away!
The gnoll barely misses you. The gnoll attacks as you move away!
The gnoll hits you but does no damage. The gnoll attacks as you move away!
The gnoll completely misses you. You furiously retaliate!
You headbutt the gnoll. The gnoll attacks as you move away!
The gnoll barely misses you. The gnoll attacks as you move away!
The gnoll hits you with a +0 flail.
You die...

####.# ......
...... ......#
....<..
.......#########
#......g@.....#
#.###..######.#
#.####.....##.#
#..........##)# #
########†#.##.#.#
###..........###
......#..#.....?#
.........<....####
...........##.....


You could see a gnoll.

Vanquished Creatures
  3 gnolls
  A dart slug (D:1)
  An endoplasm (D:1)
  2 giant cockroaches (D:1)
  4 goblins (D:1)
  A hobgoblin (D:1)
  3 kobolds (D:1)
  A quokka (D:1)
  6 ball pythons
  5 bats (D:1)
  3 frilled lizards (D:1)
  2 rats (D:1)
32 creatures vanquished.

Notes
Turn   | Place    | Note
-------+----------+-------------------------------------------
     0 | D:1      | Peloso the Minotaur Fighter began the quest for the Orb.
     0 | D:1      | Reached XP level 1. HP: 19/19 MP: 0/0
   183 | D:1      | Reached XP level 2. HP: 24/27 MP: 1/1
   393 | D:1      | Reached XP level 3. HP: 28/33 MP: 2/2
   975 | D:2      | Slain by a gnoll

Illustrated notes

Levels and vault maps discovered:
D:1:      ebering_trefoil_twist, layout_loops_cross
D:2:      layout_basic

Skill      XL: |  1  2  3 |
---------------+----------+-----
Armour         | 4 |  4.5
Fighting       | 4 |  4.2
Shields        | 4 |  4.0
Long Blades    | 3 |  3.1
Dodging        | |  0.7

Action                   || total
-------------------------++-------
Melee: Long sword        ||    69
       Headbutt          ||    11
  Use: Scroll            ||     3
Armor: Scale mail        ||    39
Dodge: Dodged            ||    43
Block: Buckler           ||    13
